 Dungeon Sprint DCSS version 0.22-a0-78-g0f8607c (webtiles) character file.

6402 Kidiri the Eclecticist (level 10, -5/54 HPs)
             Began as a Deep Elf Fire Elementalist on Jan 16, 2018.
             Was the Champion of Vehumet.
             Killed from afar by a lindwurm (26 damage)
             ... with a blast of flame
             ... in the Dungeon (Sprint III: "The Ten Rune Challenge").
             The game lasted 00:15:10 (1797 turns).

Kidiri the Eclecticist (Deep Elf Fire Elementalist) Turns: 1797, Time: 00:15:10

Health: -5/54      AC:  6    Str:  5    XL:     10   Next: 66%
Magic:  19/32      EV: 18    Int: 24    God:    Vehumet [******]
Gold:   27         SH:  0    Dex: 15    Spells: 10/41 levels left

rFire    . . .     SeeInvis .   r - +0 dagger
rCold    . . .     Gourm    .   (no shield)
rNeg     . . .     Faith    .   s - +2 robe {MR+}
rPois    .         Spirit   .   (helmet restricted)
rElec    .         Reflect  .   (no cloak)
rCorr    .         Harm     .   (no gloves)
MR       ++...     NoTele   +   (no boots)
Stlth    ++........             (no amulet)
HPRegen  0.58/turn              (no ring)
MPRegen  0.23/turn              (no ring)

@: no status effects
A: beak, slimy green scales 1, frail 1, mutation resistance 1, regeneration 1
a: Renounce Religion


You were in the Dungeon.
You worshipped Vehumet.
Vehumet was exalted by your worship.
You were not hungry.

You visited 1 branch You collected 27 gold pieces.

Inventory:

Hand Weapons
 r - a +0 dagger (weapon)
Missiles
 a - a throwing net (quivered)
Armour
 s - a +2 robe of magic resistance (worn)
Wands
 b - a wand of clouds (4)
Scrolls
 i - a scroll of blinking
 k - 2 scrolls of holy word {unknown}
 l - 2 scrolls of identify {unknown}
 m - a scroll of enchant weapon {unknown}
 n - a scroll of remove curse {unknown}
Potions
 d - a potion of curing
 e - a potion of heal wounds
 f - a potion of haste
 g - a potion of magic
 h - a potion of berserk rage
 o - a potion of flight {unknown}
 p - a potion of mutation
Books
 q - a book of Minor Magic

   Spells                             Type                      Level
   a - Magic Dart                     Conjuration                  1
   b - Blink                          Translocation                2
   c - Call Imp                       Summoning                    2
   d - Slow                           Hexes                        2
   e - Conjure Flame                  Conjuration/Fire             3
   f - Mephitic Cloud                 Conjuration/Poison/Air       3
Comestibles
 c - 16 rations
 j - 9 chunks of flesh


   Skills:
 + Level 6.0 Fighting
 + Level 7.2 Short Blades
 + Level 6.0 Armour
 + Level 9.1 Dodging
 - Level 2.4 Stealth
 * Level 16.1 Spellcasting
 + Level 10.1 Conjurations
 + Level 10.6 Fire Magic
 + Level 5.6 Ice Magic
 + Level 7.1 Air Magic
 + Level 7.8 Poison Magic


You had 10 spell levels left.
You knew the following spells:

 Your Spells              Type           Power        Failure   Level  Hunger
a - Flame Tongue          Conj/Fire      #####        1%          1    None
b - Throw Flame           Conj/Fire      ######       1%          2    None
c - Conjure Flame         Conj/Fire      ######..     1%          3    None
d - Inner Flame           Hex/Fire       #####...     1%          3    None
e - Ignite Poison         Fire/Tmut/Pois #####...     1%          3    None
f - Sticky Flame          Conj/Fire      ######..     1%          4    None
g - Fireball              Conj/Fire      ######....   1%          5    #......
h - Throw Frost           Conj/Ice       ######       1%          2    None
i - Lightning Bolt        Conj/Air       ######....   1%          5    #......
j - Mephitic Cloud        Conj/Pois/Air  ######..     1%          3    None


Dungeon Overview and Level Annotations

Branches:
Dungeon (1/1)

Altars:
Cheibriados
Dithmenos
Elyvilon
Fedhas
Gozag
Hepliaklqana
Kikubaaqudgha
Makhleb
Nemelex Xobeh
Okawaru
Qazlal
Ru
Sif Muna
Trog
Uskayaw
Vehumet
Wu Jian
Xom
Yredelemnul
Zin
The Shining One
Beogh
Jiyva
Lugonu

Annotations:
D exclusion: 2 doors


Innate Abilities, Weirdness & Mutations

You have a beak for a mouth.
You are partially covered in slimy green scales. (AC +2)
You are frail. (-10% HP)
You are somewhat resistant to further mutation.
Your natural rate of healing is unusually fast.


Message History

The lindwurm claws you but does no damage.
Casting: Throw Frost
Confirm with . or Enter, or press ? or * to list all spells.
Aiming: Throw Frost
Press: ? - help, Shift-Dir - straight line, f/p - lindwurm
Aim: a lindwurm (severely wounded)
The puff of frost hits the lindwurm.
The lindwurm is almost dead.
The lindwurm closely misses you. The lindwurm claws you.
The lindwurm barely misses you.
Casting: Throw Frost
Confirm with . or Enter, or press ? or * to list all spells.
Aiming: Throw Frost
Press: ? - help, Shift-Dir - straight line, f/p - lindwurm
Aim: a lindwurm (almost dead)
The puff of frost hits the lindwurm.
The lindwurm is almost dead.
The lindwurm breathes flames at you. The blast of flame hits you!
You die...

#.≈♣♣♣♣♣♣♣♣♣♣♣♣♣♣♣♣PP#
#..♣♣ ♣♣♣# ###'♣
♣♣♣♣%# ♣...## ♣♣.##.
♣..#s## ♣♣.##k#
♣♣.##@# ♣.....#
#######


You could see a lindwurm and a redback.

Vanquished Creatures
  Erolcha (D)
  A deep elf mage (D)
  2 spiny frogs (D)
  A komodo dragon (D)
  A queen bee (D)
  3 wandering mushrooms (D)
  2 tyrant leeches (D)
  3 redbacks (D)
  A shadow (D)
  A spatial vortex (D)
  A necrophage (D)
  5 two-headed ogres (D)
  A water elemental (D)
  A scorpion (D)
  31 killer bees (D)
  A jelly (D)
  A wizard (D)
  Jessica (D)
  A necromancer (D)
  A kobold demonologist (D)
  3 humans (D)
  3 rats (D)
66 creatures vanquished.

Vanquished Creatures (collateral kills)
  A killer bee (D)
1 creature vanquished.

Vanquished Creatures (others)
  2 draconian scorchers (D)
  6 hellions (D)
  2 yaktaurs (D)
10 creatures vanquished.

Grand Total: 77 creatures vanquished

Notes
Turn   | Place    | Note
-------+----------+-------------------------------------------
     0 | D        | Kidiri the Deep Elf Fire Elementalist began the quest for the Orb.
     0 | D        | Reached XP level 1. HP: 10/10 MP: 6/6
   121 | D        | Noticed Jessica
   124 | D        | Killed Jessica
   124 | D        | Reached skill level 6 in Spellcasting
   124 | D        | Reached XP level 2. HP: 15/15 MP: 6/11
   163 | D        | Killed a hellion
   167 | D        | Killed a hellion
   175 | D        | Learned a level 2 spell: Throw Flame
   183 | D        | Killed a white draconian scorcher
   191 | D        | Killed a yaktaur
   205 | D        | Reached skill level 7 in Spellcasting
   205 | D        | Reached skill level 5 in Fire Magic
   205 | D        | Reached XP level 3. HP: 19/19 MP: 4/13
   210 | D        | Learned a level 3 spell: Conjure Flame
   214 | D        | Learned a level 3 spell: Inner Flame
   215 | D        | Killed a white draconian scorcher
   232 | D        | Killed a hellion
   233 | D        | Killed a hellion
   275 | D        | Noticed a scorpion
   283 | D        | Killed a scorpion
   283 | D        | Reached skill level 8 in Spellcasting
   283 | D        | Reached XP level 4. HP: 16/24 MP: 5/16
   306 | D        | Gained mutation: You are weak. (Str -2) [potion of mutation]
   306 | D        | Gained mutation: You have large cloven feet. [potion of mutation]
   306 | D        | Gained mutation: You are resistant to hostile enchantments. (MR+) [potion of mutation]
   307 | D        | Lost mutation: You are weak. (Str -2) [potion of mutation]
   307 | D        | Lost mutation: You are resistant to hostile enchantments. (MR+) [potion of mutation]
   307 | D        | Gained mutation: Armour fits poorly on your strangely shaped body. [potion of mutation]
   307 | D        | Gained mutation: Your flesh is cold resistant. (rC+) [potion of mutation]
   308 | D        | Lost mutation: Armour fits poorly on your strangely shaped body. [potion of mutation]
   308 | D        | Lost mutation: You have large cloven feet. [potion of mutation]
   308 | D        | Lost mutation: Your flesh is cold resistant. (rC+) [potion of mutation]
   308 | D        | Gained mutation: You are clumsy. (Dex -2) [potion of mutation]
   308 | D        | Gained mutation: Scrolls take you a little longer to read. [potion of mutation]
   308 | D        | Gained mutation: You are weak. (Str -2) [potion of mutation]
   308 | D        | Gained mutation: You are robust. (+10% HP) [potion of mutation]
   309 | D        | Lost mutation: You are weak. (Str -2) [potion of mutation]
   309 | D        | Lost mutation: Scrolls take you a little longer to read. [potion of mutation]
   309 | D        | Gained mutation: Your flesh is heat resistant. (rF+) [potion of mutation]
   309 | D        | Gained mutation: You expend magic power (3 MP) to strengthen your wands. [potion of mutation]
   309 | D        | Gained mutation: Your spells are a little harder to cast, but a little more powerful. [potion of mutation]
   309 | D        | Gained mutation: You have a beak for a mouth. [potion of mutation]
   310 | D        | Lost mutation: You are robust. (+10% HP) [potion of mutation]
   310 | D        | Lost mutation: Your flesh is heat resistant. (rF+) [potion of mutation]
   310 | D        | Lost mutation: You are clumsy. (Dex -2) [potion of mutation]
   310 | D        | Lost mutation: You expend magic power (3 MP) to strengthen your wands. [potion of mutation]
   310 | D        | Gained mutation: You are dopey. (Int -2) [potion of mutation]
   310 | D        | Gained mutation: You possess an exceptional clarity of mind. [potion of mutation]
   310 | D        | Lost mutation: Your spells are a little harder to cast, but a little more powerful. [potion of mutation]
   310 | D        | Gained mutation: You are partially covered in slimy green scales. (AC +2) [potion of mutation]
   311 | D        | Lost mutation: You possess an exceptional clarity of mind. [potion of mutation]
   311 | D        | Lost mutation: You are dopey. (Int -2) [potion of mutation]
   311 | D        | Gained mutation: Your natural rate of healing is unusually fast. [potion of mutation]
   311 | D        | Gained mutation: You are somewhat resistant to further mutation. [potion of mutation]
   311 | D        | Gained mutation: You are frail. (-10% HP) [potion of mutation]
   356 | D        | Learned a level 4 spell: Sticky Flame
   365 | D        | Noticed a water elemental
   366 | D        | Killed a water elemental
   366 | D        | Reached skill level 9 in Spellcasting
   366 | D        | Reached skill level 5 in Conjurations
   366 | D        | Reached XP level 5. HP: 25/25 MP: 13/19
   385 | D        | Killed a hellion
   407 | D        | Learned a level 5 spell: Fireball
   407 | D        | Found a radiant altar of Vehumet.
   408 | D        | Found a deep blue altar of Sif Muna.
   408 | D        | Found an ancient bone altar of Kikubaaqudgha.
   409 | D        | Noticed a ynoxinul
   409 | D        | Reached skill level 10 in Spellcasting
   410 | D        | Noticed an ice devil
   427 | D        | Became a worshipper of Vehumet
   432 | D        | Learned a level 3 spell: Mephitic Cloud
   462 | D        | Found a glowing silver altar of Zin.
   463 | D        | Found a glowing golden altar of the Shining One.
   463 | D        | Found a white marble altar of Elyvilon.
   463 | D        | Noticed a deep elf mage
   468 | D        | Killed a deep elf mage
   468 | D        | Reached skill level 12 in Spellcasting
   468 | D        | Reached XP level 6. HP: 31/32 MP: 10/23
   468 | D        | Reached XP level 7. HP: 35/36 MP: 10/24
   506 | D        | Killed a hellion
   538 | D        | Found a hide-covered altar of Uskayaw.
   538 | D        | Found a roughly hewn altar of Beogh.
   538 | D        | Found an iron altar of Okawaru.
   538 | D        | Found a bloodstained altar of Trog.
   538 | D        | Found an ornate altar of the Wu Jian Council.
   538 | D        | Noticed a human
   540 | D        | Noticed a human
   553 | D        | Killed a human
   553 | D        | Killed a human
   553 | D        | Reached * piety under Vehumet
   553 | D        | Offered knowledge of Freeze by Vehumet.
   553 | D        | Reached skill level 5 in Dodging
   654 | D        | Found a basalt altar of Yredelemnul.
   654 | D        | Found a shadowy altar of Dithmenos.
   654 | D        | Found a sacrificial altar of Ru.
   713 | D        | Noticed a shadow
   744 | D        | Reached ** piety under Vehumet
   744 | D        | Offered knowledge of Searing Ray by Vehumet.
   751 | D        | Killed a shadow
   751 | D        | Reached skill level 13 in Spellcasting
   751 | D        | Reached XP level 8. HP: 41/41 MP: 18/27
   823 | D        | Found a blossoming altar of Fedhas.
   823 | D        | Found a stormy altar of Qazlal.
   823 | D        | Found a snail-covered altar of Cheibriados.
   823 | D        | Found a burning altar of Makhleb.
   823 | D        | Found a shimmering altar of Xom.
   824 | D        | Found a hazy altar of Hepliaklqana.
   824 | D        | Found an opulent altar of Gozag.
   824 | D        | Found a sparkling altar of Nemelex Xobeh.
   824 | D        | Found a corrupted altar of Lugonu.
   824 | D        | Found a viscous altar of Jiyva.
   921 | D        | Reached *** piety under Vehumet
   928 | D        | Reached skill level 5 in Poison Magic
  1036 | D        | Noticed a two-headed ogre
  1042 | D        | Killed a two-headed ogre
  1042 | D        | Offered knowledge of Throw Frost by Vehumet.
  1084 | D        | Learned a level 2 spell: Throw Frost
  1091 | D        | Noticed a two-headed ogre
  1103 | D        | Killed a two-headed ogre
  1103 | D        | Offered knowledge of Ignite Poison by Vehumet.
  1103 | D        | Reached skill level 5 in Short Blades
  1103 | D        | Reached skill level 14 in Spellcasting
  1103 | D        | Reached skill level 1 in Ice Magic
  1103 | D        | Reached skill level 5 in Air Magic
  1108 | D        | Learned a level 3 spell: Ignite Poison
  1186 | D        | Noticed Erolcha
  1189 | D        | Paralysed by Erolcha for 5 turns
  1194 | D        | Reached **** piety under Vehumet
  1194 | D        | Reached XP level 9. HP: 29/46 MP: 22/29
  1202 | D        | Offered knowledge of Iskenderun's Mystic Blast by Vehumet.
  1203 | D        | Killed Erolcha
  1217 | D        | Killed a yaktaur
  1339 | D        | Noticed a queen bee
  1345 | D        | Reached ***** piety under Vehumet
  1345 | D        | Offered knowledge of Lightning Bolt by Vehumet.
  1345 | D        | Reached skill level 5 in Armour
  1347 | D        | Reached skill level 5 in Fighting
  1357 | D        | Reached skill level 15 in Spellcasting
  1358 | D        | Reached skill level 10 in Fire Magic
  1359 | D        | Reached ****** piety under Vehumet
  1360 | D        | Killed a queen bee
  1360 | D        | Reached XP level 10. HP: 41/53 MP: 10/31
  1507 | D        | Learned a level 5 spell: Lightning Bolt
  1534 | D        | Offered knowledge of Conjure Ball Lightning by Vehumet.
  1543 | D        | Reached skill level 5 in Ice Magic
  1587 | D        | Noticed a spiny frog
  1587 | D        | Noticed a spiny frog
  1590 | D        | Killed a spiny frog
  1596 | D        | Killed a spiny frog
  1596 | D        | Reached skill level 16 in Spellcasting
  1596 | D        | Reached skill level 10 in Conjurations
  1661 | D        | HP: 1/54 [tyrant leech (27)]
  1762 | D        | Offered knowledge of Poison Arrow by Vehumet.
  1790 | D        | Noticed a lindwurm
  1797 | D        | Killed from afar by a lindwurm

Vault maps used:
D:        dungeon_sprint_mu

Skill      XL: |  1  2  3  4  5  6  7  8  9 10 |
---------------+-------------------------------+-----
Spellcasting   | 6 7 8 9 12 13 14 15 16 | 16.1
Conjurations   | 3 4 5 7 8 9 10 | 10.1
Fire Magic     | 4 5 6 7 8 9 10 | 10.6
Fighting       | 2 3 4 5 6 |  6.0
Short Blades   | 3 4 5 6 7 |  7.2
Armour         | 2 3 4 5 6 |  6.0
Dodging        | 4 5 6 8 9 |  9.1
Air Magic      | 3 4 5 6 7 |  7.1
Poison Magic   | 3 4 5 6 7 |  7.8
Ice Magic      | 1 4 5 |  5.6
Stealth        | |  2.4

Action                   |  1- 3 |  4- 6 |  7- 9 | 10-12 || total
-------------------------+-------+-------+-------+-------++-------
Melee: Dagger            |       |       |     4 |     2 ||     6
 Cast: Flame Tongue      |    22 |     4 |    73 |    37 ||   136
       Throw Flame       |     1 |       |     1 |       ||     2
       Conjure Flame     |       |     1 |     9 |     4 ||    14
       Sticky Flame      |       |     3 |     8 |     9 ||    20
       Mephitic Cloud    |       |     1 |     6 |     1 ||     8
       Inner Flame       |       |       |     5 |       ||     5
       Fireball          |       |       |     2 |     1 ||     3
       Ignite Poison     |       |       |     2 |     1 ||     3
       Throw Frost       |       |       |     1 |     7 ||     8
  Use: Potion            |       |     7 |       |     1 ||     8
  Eat: Chunk             |       |       |     1 |       ||     1
       Ration            |       |       |       |     1 ||     1
Armor: Robe              |     3 |     1 |     2 |     3 ||     9
Dodge: Dodged            |     4 |     5 |    17 |    29 ||    55

Table legend:
 A = Spawn XP
 B = Non-spawn XP
 C = Spawn XP percentage of total XP
 D = Spawn monster count
 E = Non-spawn monster count
 F = Spawn count percentage of total count
 G = Total turns spent on level
                    A         B        C        D         E        F      G
               +---------+---------+-------+---------+---------+-------+---------
         Total |       0 |    9147 |   0.0 |       0 |      67 |   0.0 |  1797
               +---------+---------+-------+---------+---------+-------+---------
             D |       0 |    9147 |   0.0 |       0 |      67 |   0.0 |  1797
               +---------+---------+-------+---------+---------+-------+---------
